TOP OF THE 1ST |
Memphis Redbirds batting - Pitching for El Paso Chihuahuas : LHP Ryan Tatum
|
Pitching: LHP Ryan Tatum
|
|
Batting: RHB Joe Smack
|
0-0: Ball 1-0: Ball 2-0: Called Strike 2-1: Ball 3-1: Base on Balls
|
Batting: RHB Josh Martin
|
0-0: Called Strike Joe Smack steals 2nd base 0-1: Ball 1-1: Called Strike 1-2: Ball 2-2: Fly out, F9 (Flyball, 9S, EV 87.5 MPH)
|
Batting: RHB Jeff Brower
|
0-0: Ball 1-0: SINGLE (Line Drive, 4D, EV 94.4 MPH) Joe Smack to third Runner from 3rd tries for Home, throw by RF and OUT! 9-2
|
Batting: RHB Dan Boykins
|
0-0: Ball 1-0: Ball 2-0: Foul Ball, location: 2F 2-1: Foul Ball, location: 2F 2-2: Strikes out swinging
|
Top of the 1st over - 0 runs, 1 hit, 0 errors, 1 left on base; Memphis 0 - El Paso 0 |
BOTTOM OF THE 1ST |
El Paso Chihuahuas batting - Pitching for Memphis Redbirds : LHP Tsugunosuke Murakami
|
Pitching: LHP Tsugunosuke Murakami
|
|
Batting: LHB Angel Mejia
|
0-0: Ball 1-0: Ball 2-0: Ball 3-0: Called Strike 3-1: Fly out, F7 (Flyball, 7S, EV 79.4 MPH)
|
Batting: RHB Chase Briney
|
0-0: Called Strike 0-1: Foul Ball, location: 2F 0-2: Ball 1-2: Strikes out swinging
|
Batting: RHB Andy Sheridan
|
0-0: Called Strike 0-1: Swinging Strike 0-2: Strikes out swinging
|
Bottom of the 1st over - 0 runs, 0 hits, 0 errors, 0 left on base; Memphis 0 - El Paso 0 |
TOP OF THE 2ND |
Memphis Redbirds batting - Pitching for El Paso Chihuahuas : LHP Ryan Tatum
|
Batting: LHB Ronnie Ashley
|
0-0: Foul Ball, location: 2F 0-1: Swinging Strike 0-2: Foul Ball, location: 2F 0-2: Ground out 5-3 (Groundball, 56S, EV 78.1 MPH)
|
Batting: LHB Kyle Schaible
|
0-0: Ball 1-0: Ball 2-0: Ball 3-0: Called Strike 3-1: Fly out, F9 (Flyball, 9D, EV 99.4 MPH)
|
Batting: LHB John Bailey
|
0-0: Called Strike 0-1: Ball 1-1: Foul Ball, location: 2F 1-2: Foul Ball, location: 2F 1-2: Ball 2-2: Foul Ball, location: 2F 2-2: SINGLE (Flyball, 78S, EV 86.2 MPH)
|
Batting: LHB Adam Eisen
|
0-0: Ball 1-0: Called Strike 1-1: Fielders Choice at 2nd, 5-4 (Groundball, 5D, EV 100.0 MPH)
|
Top of the 2nd over - 0 runs, 1 hit, 0 errors, 1 left on base; Memphis 0 - El Paso 0 |
BOTTOM OF THE 2ND |
El Paso Chihuahuas batting - Pitching for Memphis Redbirds : LHP Tsugunosuke Murakami
|
Batting: RHB Roberto Lemus
|
0-0: Called Strike 0-1: Ball 1-1: Ball 2-1: Foul Ball, location: 2F 2-2: Foul Ball, location: 2F 2-2: SINGLE (Groundball, 4MD, EV 103.1 MPH)
|
Batting: LHB Carlos Cuellar
|
0-0: Ball 1-0: Foul Ball, location: 2F 1-1: SINGLE (Line Drive, 78S, EV 86.9 MPH) Roberto Lemus to second Runner from 2nd tries for 3rd, SAFE, throw by LF made to third
|
Batting: RHB Eric Sandell
|
0-0: Ball 1-0: Swinging Strike 1-1: Grounds into double play, 6-4-3 (Groundball, 6, EV 85.6 MPH) Roberto Lemus scores
|
Batting: RHB Kiril Emeshin
|
0-0: Ball 1-0: Ball 2-0: Ball 3-0: Fly out, F8 (Line Drive, 8RD, EV 85.6 MPH)
|
Bottom of the 2nd over - 1 run, 2 hits, 0 errors, 0 left on base; Memphis 0 - El Paso 1 |
TOP OF THE 3RD |
Memphis Redbirds batting - Pitching for El Paso Chihuahuas : LHP Ryan Tatum
|
Batting: RHB Fortunato Fteira
|
0-0: Ball 1-0: Ball 2-0: Called Strike 2-1: Ground out 5-3 (Groundball, 56S, EV 84.4 MPH)
|
Batting: RHB Joe Smack
|
0-0: Ground out 6-3 (Groundball, 6M, EV 80.0 MPH)
|
Batting: RHB Josh Martin
|
0-0: Swinging Strike 0-1: Ball 1-1: Called Strike 1-2: Ball 2-2: Strikes out swinging
|
Top of the 3rd over - 0 runs, 0 hits, 0 errors, 0 left on base; Memphis 0 - El Paso 1 |
BOTTOM OF THE 3RD |
El Paso Chihuahuas batting - Pitching for Memphis Redbirds : LHP Tsugunosuke Murakami
|
Batting: LHB Anthony Mosley
|
0-0: Ball 1-0: Swinging Strike 1-1: Called Strike 1-2: Ball 2-2: Ball 3-2: Foul Ball, location: 2F 3-2: Base on Balls
|
Batting: RHB Lamberto Amicis
|
0-0: Ball 1-0: Ball 2-0: Called Strike 2-1: SINGLE (Groundball, 4, EV 97.5 MPH) Anthony Mosley to second Runner from 2nd tries for 3rd, OUT after rundown.
|
Batting: LHB Angel Mejia
|
0-0: Swinging Strike 0-1: Foul Ball, location: 2F 0-2: Ball 1-2: Strikes out swinging
|
Batting: RHB Chase Briney
|
0-0: Ball 1-0: Ball 2-0: Foul Ball, location: 2F 2-1: Ball 3-1: Base on Balls Lamberto Amicis to second
|
Batting: RHB Andy Sheridan
|
0-0: Ball 1-0: Ball 2-0: Ball 3-0: Base on Balls Lamberto Amicis to third Chase Briney to second
|
Batting: RHB Roberto Lemus
|
0-0: Ball 1-0: Swinging Strike 1-1: Ball Wild Pitch! Lamberto Amicis scores Chase Briney to third Andy Sheridan to second 2-1: Foul Ball, location: 2F 2-2: Ground out 4-3 (Groundball, 4, EV 81.2 MPH)
|
Bottom of the 3rd over - 1 run, 1 hit, 0 errors, 2 left on base; Memphis 0 - El Paso 2 |
TOP OF THE 4TH |
Memphis Redbirds batting - Pitching for El Paso Chihuahuas : LHP Ryan Tatum
|
Batting: RHB Jeff Brower
|
0-0: Ball 1-0: Called Strike 1-1: Foul Ball, location: 2F 1-2: Foul Ball, location: 2F 1-2: Ball 2-2: Fly out, F5 (Popup, 56S, EV 78.8 MPH)
|
Batting: RHB Dan Boykins
|
0-0: Swinging Strike 0-1: Ball 1-1: Fly out, F8 (Flyball, 8LS, EV 91.9 MPH)
|
Batting: LHB Ronnie Ashley
|
0-0: Ball 1-0: Ball 2-0: Foul Ball, location: 2F 2-1: Swinging Strike 2-2: Ground out 4-3 (Groundball, 4, EV 100.0 MPH)
|
Top of the 4th over - 0 runs, 0 hits, 0 errors, 0 left on base; Memphis 0 - El Paso 2 |
BOTTOM OF THE 4TH |
El Paso Chihuahuas batting - Pitching for Memphis Redbirds : LHP Tsugunosuke Murakami
|
Batting: LHB Carlos Cuellar
|
0-0: Called Strike 0-1: Swinging Strike 0-2: Ball 1-2: Strikes out swinging
|
Batting: RHB Eric Sandell
|
0-0: Ball 1-0: Called Strike 1-1: Ball 2-1: Called Strike 2-2: Strikes out swinging
|
Batting: RHB Kiril Emeshin
|
0-0: Called Strike 0-1: Called Strike 0-2: Ball 1-2: Ground out 3-1 (Groundball, 34, EV 90.6 MPH)
|
Bottom of the 4th over - 0 runs, 0 hits, 0 errors, 0 left on base; Memphis 0 - El Paso 2 |
TOP OF THE 5TH |
Memphis Redbirds batting - Pitching for El Paso Chihuahuas : LHP Ryan Tatum
|
Batting: LHB Kyle Schaible
|
0-0: Called Strike 0-1: Ball 1-1: Foul Ball, location: 2F 1-2: Ball 2-2: Ball 3-2: Fly out, F8 (Flyball, 78D, EV 86.9 MPH)
|
Batting: LHB John Bailey
|
0-0: Ball 1-0: Called Strike 1-1: Foul Ball, location: 2F 1-2: Ball 2-2: Ground out 6-3 (Groundball, 56, EV 104.4 MPH)
|
Batting: LHB Adam Eisen
|
0-0: Foul Ball, location: 2F 0-1: Called Strike 0-2: Strikes out swinging
|
Top of the 5th over - 0 runs, 0 hits, 0 errors, 0 left on base; Memphis 0 - El Paso 2 |
BOTTOM OF THE 5TH |
El Paso Chihuahuas batting - Pitching for Memphis Redbirds : LHP Tsugunosuke Murakami
|
Batting: LHB Anthony Mosley
|
0-0: Called Strike 0-1: Ball 1-1: Ground out 4-3 (Groundball, 4, EV 86.9 MPH)
|
Batting: RHB Lamberto Amicis
|
0-0: Foul Ball, location: 2F 0-1: Ball 1-1: Ground out 5-3 (Groundball, 5D, EV 97.5 MPH)
|
Batting: LHB Angel Mejia
|
0-0: Called Strike 0-1: Called Strike 0-2: Ball 1-2: Ball 2-2: Foul Ball, location: 2F 2-2: Ground out 4-3 (Groundball, 4, EV 100.0 MPH)
|
Bottom of the 5th over - 0 runs, 0 hits, 0 errors, 0 left on base; Memphis 0 - El Paso 2 |
TOP OF THE 6TH |
Memphis Redbirds batting - Pitching for El Paso Chihuahuas : LHP Ryan Tatum
|
Batting: RHB Fortunato Fteira
|
0-0: Called Strike 0-1: Ground out U3 (Groundball, 34S, EV 82.5 MPH)
|
Batting: RHB Joe Smack
|
0-0: Ball 1-0: Ball 2-0: Swinging Strike 2-1: Called Strike 2-2: Fly out, F8 (Line Drive, 89M, EV 98.1 MPH)
|
Batting: RHB Josh Martin
|
0-0: Called Strike 0-1: Swinging Strike 0-2: Foul Ball, location: 2F 0-2: Strikes out looking
|
Top of the 6th over - 0 runs, 0 hits, 0 errors, 0 left on base; Memphis 0 - El Paso 2 |
BOTTOM OF THE 6TH |
El Paso Chihuahuas batting - Pitching for Memphis Redbirds : LHP Tsugunosuke Murakami
|
Batting: RHB Chase Briney
|
0-0: Ball 1-0: Ball 2-0: Ball 3-0: Base on Balls
|
Batting: RHB Andy Sheridan
|
0-0: Foul Ball, location: 2F 0-1: Foul Ball, location: 2F 0-2: Grounds into double play, 6-4-3 (Groundball, 6, EV 89.4 MPH)
|
Batting: RHB Roberto Lemus
|
0-0: Ball 1-0: Called Strike 1-1: Ball 2-1: Ground out 5-3 (Groundball, 56S, EV 68.1 MPH)
|
Bottom of the 6th over - 0 runs, 0 hits, 0 errors, 0 left on base; Memphis 0 - El Paso 2 |
TOP OF THE 7TH |
Memphis Redbirds batting - Pitching for El Paso Chihuahuas : LHP Ryan Tatum
|
Batting: RHB Jeff Brower
|
0-0: SINGLE (Flyball, 9LS, EV 95.0 MPH)
|
Batting: RHB Dan Boykins
|
0-0: Ball 1-0: Foul Ball, location: 2F 1-1: Ball 2-1: Called Strike 2-2: Grounds into double play, 6-4-3 (Groundball, 6, EV 83.1 MPH)
|
Batting: LHB Ronnie Ashley
|
0-0: Called Strike 0-1: Ball 1-1: Swinging Strike 1-2: Strikes out swinging
|
Top of the 7th over - 0 runs, 1 hit, 0 errors, 0 left on base; Memphis 0 - El Paso 2 |
BOTTOM OF THE 7TH |
El Paso Chihuahuas batting - Pitching for Memphis Redbirds : LHP Tsugunosuke Murakami
|
Batting: LHB Carlos Cuellar
|
0-0: Ground out 4-3 (Groundball, 4S, EV 84.4 MPH)
|
Batting: RHB Eric Sandell
|
0-0: Ball 1-0: Ball 2-0: Called Strike 2-1: Foul Ball, location: 2F 2-2: Ball 3-2: Foul Ball, location: 2F 3-2: Strikes out swinging
|
Pitching: LHP Michael Twigg
|
|
Batting: RHB Kiril Emeshin
|
0-0: Foul Ball, location: 2F 0-1: Ball 1-1: Swinging Strike 1-2: Strikes out swinging
|
Bottom of the 7th over - 0 runs, 0 hits, 0 errors, 0 left on base; Memphis 0 - El Paso 2 |
TOP OF THE 8TH |
Memphis Redbirds batting - Pitching for El Paso Chihuahuas : LHP Ryan Tatum
|
Batting: LHB Kyle Schaible
|
0-0: Ball 1-0: Ball 2-0: Ball 3-0: Called Strike 3-1: Foul Ball, location: 2F 3-2: Foul Ball, location: 2F 3-2: Strikes out swinging
|
Pinch Hitting: RHB Danny Gallo
|
0-0: Foul Ball, location: 2F 0-1: Fly out, F8 (Line Drive, 8RD, EV 94.4 MPH)
|
Batting: LHB Adam Eisen
|
0-0: Called Strike 0-1: Foul Ball, location: 2F 0-2: Ball 1-2: Fly out, F7 (Flyball, 7, EV 90.0 MPH)
|
Top of the 8th over - 0 runs, 0 hits, 0 errors, 0 left on base; Memphis 0 - El Paso 2 |
BOTTOM OF THE 8TH |
El Paso Chihuahuas batting - Pitching for Memphis Redbirds : LHP Michael Twigg
|
Now at 3B: Danny Gallo
|
|
Batting: LHB Anthony Mosley
|
0-0: Foul Ball, location: 2F 0-1: Foul Ball, location: 2F 0-2: Foul Ball, location: 2F 0-2: Ball 1-2: Foul Ball, location: 2F 1-2: Foul Ball, location: 2F 1-2: Foul Ball, location: 2F 1-2: Ball 2-2: Ball 3-2: Foul Ball, location: 2F 3-2: Strikes out swinging
|
Batting: RHB Lamberto Amicis
|
0-0: Fly out, F6 (Popup, 6, EV 63.8 MPH)
|
Batting: LHB Angel Mejia
|
0-0: Ball 1-0: Called Strike 1-1: Called Strike 1-2: Strikes out looking
|
Bottom of the 8th over - 0 runs, 0 hits, 0 errors, 0 left on base; Memphis 0 - El Paso 2 |
TOP OF THE 9TH |
Memphis Redbirds batting - Pitching for El Paso Chihuahuas : LHP Ryan Tatum
|
Pitching: RHP Ching Ge
|
|
Now at 1B: Matt Fabre
|
|
Batting: RHB Fortunato Fteira
|
0-0: Ball 1-0: Ball 2-0: Ball 3-0: Base on Balls
|
Pinch Hitting: SHB Dan Lash
|
0-0: Called Strike 0-1: Ball 1-1: SINGLE (Line Drive, 7LS, EV 106.2 MPH) Fortunato Fteira to second
|
Batting: RHB Josh Martin
|
0-0: Sac Bunt to P - play at first, batter OUT! 1-3 Fortunato Fteira to third Dan Lash to second
|
Batting: RHB Jeff Brower
|
0-0: Ground out 4-3 (Groundball, 34, EV 84.4 MPH) Fortunato Fteira scores Dan Lash to third
|
Batting: RHB Dan Boykins
|
0-0: SINGLE (Line Drive, 4D, EV 103.8 MPH) Dan Lash scores
|
Batting: LHB Ronnie Ashley
|
0-0: Ball 1-0: Ball 2-0: Foul Ball, location: 2F 2-1: Ball 3-1: Base on Balls Dan Boykins to second
|
Batting: LHB Kyle Schaible
|
0-0: Called Strike 0-1: Called Strike 0-2: Foul Ball, location: 2F 0-2: Foul Ball, location: 2F 0-2: Ball 1-2: Ball 2-2: Foul Ball, location: 2F 2-2: Ball 3-2: DOUBLE (Line Drive, 9LS, EV 115.0 MPH) Dan Boykins scores Ronnie Ashley to third Ronnie Ashley scores
|
Pitching: RHP Rick Cotner
|
|
Batting: RHB Danny Gallo
|
0-0: Ball 1-0: Called Strike 1-1: Swinging Strike 1-2: Fly out, F6 (Popup, P, EV 86.9 MPH)
|
Top of the 9th over - 4 runs, 3 hits, 0 errors, 1 left on base; Memphis 4 - El Paso 2 |
BOTTOM OF THE 9TH |
El Paso Chihuahuas batting - Pitching for Memphis Redbirds : LHP Michael Twigg
|
Pitching: RHP Mike Pemble
|
|
Now in CF: Adam Eisen
|
|
Now in RF: Fabrice Bertin
|
|
Batting: RHB Chase Briney
|
0-0: Ball 1-0: Ball 2-0: Ground out U3 (Groundball, 34S, EV 73.1 MPH)
|
Pinch Hitting: SHB Blake Abbott
|
0-0: Called Strike 0-1: Foul Ball, location: 2F 0-2: Foul Ball, location: 2F 0-2: Strikes out looking
|
Batting: RHB Roberto Lemus
|
0-0: Ball 1-0: Foul Ball, location: 2F 1-1: Swinging Strike 1-2: Foul Ball, location: 2F 1-2: Ball 2-2: Strikes out swinging, 2-3 out at first.
|
Bottom of the 9th over - 0 runs, 0 hits, 0 errors, 0 left on base; Memphis 4 - El Paso 2 |
|